 Dungeon Crawl Stone Soup version 0.21-a0-42-gb537e02 (webtiles) character file.

11 roguesci the Insei (level 2, -6/14 HPs)
             Began as a Vine Stalker Transmuter on June 5, 2017.
             Mangled by Terence
             ... wielding a +0 flail
              (7 damage)
             ... on level 1 of the Dungeon.
             The game lasted 00:02:40 (543 turns).

roguesci the Insei (Vine Stalker Transmuter)         Turns: 543, Time: 00:02:41

Health: -6/14      AC:  2    Str: 14    XL:     2   Next: 29%
Magic:  0/6        EV: 12    Int: 13    God:
Gold:   69         SH:  0    Dex: 14    Spells: 4/5 levels left

rFire    . . .     SeeInvis .   j - +0 whip (venom)
rCold    . . .     Gourm    .   (no shield)
rNeg     . . .     Faith    .   b - +0 robe
rPois    .         Spirit   +   (no helmet)
rElec    .         Reflect  .   (no cloak)
rCorr    .         Harm     .   (no gloves)
MR       .....                  (no boots)
Stlth    ++........             e - amulet of rage
Regen    0.1/turn               (no ring)
MPRegen  0.1/turn               (no ring)

@: no status effects
A: fangs 2, strong 1, magic shield, antimagic bite, no potion heal 3, rot
immunity, MP-powered wands
a: Evoke Berserk Rage


You were on level 1 of the Dungeon.
You were not hungry.

You visited 1 branch of the dungeon, and saw 2 of its levels.

You collected 69 gold pieces.

Inventory:

Hand Weapons
 j - a +0 whip of venom (weapon)
Missiles
 a - 12 arrows
 i - 53 stones (quivered)
Armour
 b - a +0 robe (worn)
Jewellery
 e - an amulet of rage (around neck)
Scrolls
 f - a scroll of blinking {unknown}
 g - a scroll of immolation {unknown}
 h - a scroll of identify {unknown}
 k - 2 scrolls of teleportation {unknown}
 m - a scroll of amnesia {unknown}
 n - a scroll of fog {unknown}
Potions
 o - a potion of mutation
Books
 c - a book of Changes

   Spells                             Type                      Level
   a - Beastly Appendage              Transmutation                1
   b - Sticks to Snakes               Transmutation                2
   c - Spider Form                    Transmutation/Poison         3
   d - Ice Form                       Ice/Transmutation            4
   e - Blade Hands                    Transmutation                5
Comestibles
 d - a bread ration
 l - a meat ration


   Skills:
 * Level 1.2 Fighting
 * Level 1.7 Dodging
 + Level 0.6 Stealth
 + Level 3.0 Unarmed Combat
 * Level 2.4 Spellcasting
 + Level 2.0 Transmutations


You had 4 spell levels left.
You knew the following spells:

 Your Spells              Type           Power        Failure   Level  Hunger
a - Beastly Appendage     Tmut           #.....       11%         1    #......


Dungeon Overview and Level Annotations

Branches:
Dungeon (2/15)

Altars:
Makhleb

Annotations:
D:1 Terence


Innate Abilities, Weirdness & Mutations

You have extremely sharp teeth.
When hurt, damage is shared between your health and your magic reserves.
Your bite disrupts and absorbs the magic of your enemies.
Potions cannot restore your health.
You are immune to rotting.
Your muscles are strong. (Str +2)
You expend magic power (3 MP) to strengthen your wands.


Message History

You see here a leather armour.
Terence bares his teeth.
A goblin comes into view. It is wielding a club.
The goblin shouts!
It was a potion of mutation.
You feel extremely strange.
You feel your magical essence link to your wands.
You feel stronger. The goblin hits you with a club.
You hit Terence but do no damage.
Terence is poisoned.
You bite Terence, but do no damage. Terence hits you with a flail.
The goblin hits you with a club.
* * * LOW HITPOINT WARNING * * *
You hit the goblin but do no damage.
The goblin is poisoned.
Terence barely misses you. The goblin hits you with a club.
* * * LOW HITPOINT WARNING * * *
You closely miss the goblin. You punch the goblin.
You kill the goblin!
Terence hits you with a flail!
Ouch! That really hurt!
You die...

...<#.#.##.##.........# #.#
#####.#.#.............# #.#
.#..#.####.###........# #.#
#.##.####.............# #.#
##≈.##.##.............# #.#
..#..#.##.............# #.#
#..##.###......#############.#
#####.###.>....).###.........#
##.#.##.......#@@....########
#..#..........#####..#
#.###.##......##.[...#
#.....##......##.###.#
##..##########.##.# #.##
...###########.##.###..####
.........).......>.###....#
#..###########.#...######.#######
#..# ##......................


You could see Terence.

Vanquished Creatures
  2 bats
  2 goblins (D:1)
  3 hobgoblins (D:1)
  A jackal (D:1)
  A rat (D:1)
9 creatures vanquished.

Notes
Turn   | Place    | Note
-------+----------+-------------------------------------------
     0 | D:1      | roguesci the Vine Stalker Transmuter began the quest for the Orb.
     0 | D:1      | Reached XP level 1. HP: 9/9 MP: 4/4
   216 | D:1      | Reached skill level 1 in Fighting
   260 | D:1      | Reached XP level 2. HP: 12/14 MP: 6/6
   464 | D:2      | Found a burning altar of Makhleb.
   485 | D:2      | Noticed Terence
   540 | D:1      | Gained mutation: You expend magic power (3 MP) to strengthen your wands. [potion of mutation]
   540 | D:1      | Gained mutation: Your muscles are strong. (Str +2) [potion of mutation]
   543 | D:1      | Mangled by Terence

Vault maps used:
D:1:      dpeg_arrival_brainrot, minmay_pentomino_t2
D:2:      bloody_makhleb, nicolae_gozag_cash_rules_everything_around_me,
          ashenzari_altar_1, feat_on_display, uniq_sigmund,
          uniq_crazy_yiuf_cottage, uniq_terence

Skill      XL: |  1 |
---------------+----+-----
Fighting       | 1 |  1.2
Dodging        | |  1.7
Stealth        | |  0.6
Unarmed Combat | |  3.0
Spellcasting   | |  2.4
Transmutations | |  2.0

Action                   || total
-------------------------++-------
Melee: Unarmed           ||    16
       Bite              ||     2
       Whip              ||     4
       Punch             ||     1
 Cast: Beastly Appendage ||     1
  Use: Potion            ||     1
 Stab: Sleeping          ||     2
Dodge: Dodged            ||    10
